 Dungeon Crawl Stone Soup version 0.25-a0-460-g4f2eb97ec1 (webtiles) character file.

Game seed: 5709171991438027150, levelgen mode: deterministic

1270 Nattfarinn the Sneak (level 8, -5/48 HPs)
             Began as a Gargoyle Assassin on Feb 3, 2020.
             Was a Believer of Uskayaw.
             Killed by divine providence
             ... invoked by an orc priest
              (14 damage)
             ... on level 6 of the Dungeon.
             The game lasted 00:08:03 (4139 turns).

Nattfarinn the Sneak (Gargoyle Assassin)            Turns: 4139, Time: 00:08:03

Health: -5/48      AC: 20    Str: 16    XL:     8   Next: 53%
Magic:  8/8        EV: 10    Int: 11    God:    Uskayaw [**....]
Gold:   259        SH:  0    Dex: 13    Spells: 7/7 levels left

rFire    . . .     SeeInvis .   g - +2 dagger (drain)
rCold    . . .     Gourm    .   (no shield)
rNeg     + . .     Faith    .   q - +4 ring mail
rPois    ∞         Spirit   .   E - +0 helmet
rElec    +         Reflect  .   c - +0 cloak
rCorr    .         Harm     .   (no gloves)
MR       .....                  (no boots)
Stlth    +++.......             o - amulet of regeneration
HPRegen  0.56/turn              h - +2 ring of protection
MPRegen  0.11/turn              (no ring)

@: no status effects
A: negative energy resistance 1, electricity resistance, unbreathing,
petrification resistance, rot immunity, AC +5
a: Stomp, Line Pass, Renounce Religion


You were on level 6 of the Dungeon.
You worshipped Uskayaw.
Uskayaw was noncommittal.
You were not hungry.

You visited 1 branch of the dungeon, and saw 6 of its levels.

You collected 259 gold pieces.

Inventory:

Hand Weapons
 a - a +2 dagger
 g - a +2 dagger of draining (weapon)
Missiles
 d - 44 poisoned darts
 e - a curare-tipped dart (quivered)
Armour
 b - a +0 robe
 c - a +0 cloak (worn)
 q - a +4 ring mail (worn)
 y - a +2 shield
 E - a +0 helmet (worn)
Jewellery
 h - a +2 ring of protection (left hand)
 o - an amulet of regeneration (around neck)
Wands
 v - a wand of random effects (15)
Scrolls
 i - 6 scrolls of identify {unknown}
 k - 2 scrolls of remove curse {unknown}
 m - 3 scrolls of teleportation {unknown}
 n - 2 scrolls of fog {unknown}
 t - a scroll of immolation {unknown}
 w - a scroll of enchant weapon {unknown}
 z - a scroll of amnesia {unknown}
 C - a scroll of blinking {unknown}
Potions
 j - 4 potions of brilliance {unknown}
 l - a potion of agility {unknown}
 p - a potion of lignification {unknown}
 r - 2 potions of ambrosia {unknown}
 s - a potion of haste
 u - a potion of might {unknown}
 x - a potion of resistance {unknown}
 A - a potion of curing {unknown}
 B - a potion of degeneration {unknown}
Comestibles
 f - 6 rations
 D - 3 chunks of flesh


   Skills:
 - Level 4.8 Fighting
 - Level 5.5 Short Blades
 - Level 1.7 Throwing
 - Level 6.1 Armour
 - Level 0.7 Dodging
 - Level 6.4 Stealth
 + Level 0.3 Shields
 * Level 0.6 Invocations


You had 7 spell levels left.
You didn't know any spells.
Your spell library was empty.

Dungeon Overview and Level Annotations

Branches:
Dungeon (6/15)
 Temple: D:4-7

Altars:
Ashenzari
Gozag
Hepliaklqana
Makhleb
Okawaru
Uskayaw

Annotations:
D:4 1 runed translucent door, Crazy Yiuf


Innate Abilities, Weirdness & Mutations

You are resistant to torment.
Your stone body is resilient. (AC +5)
You are immune to poison.
You resist negative energy. (rN+)
You are resistant to electric shocks. (rElec)
You can survive without breathing.
You are immune to petrification.
You are immune to rotting.


Message History

You hit the orc priest.
The orc priest is heavily wounded.
The orc barely misses you.
The orc priest begins to cast a cantrip, but forgets the words!
The orc hits you with a +0 falchion.
* * * LOW HITPOINT WARNING * * *
You hit the orc priest.
The orc priest is severely wounded.
The orc barely misses you.
You barely miss the orc priest.
The orc priest is severely wounded.
The orc priest hits you with a +0 mace.
* * * LOW HITPOINT WARNING * * *
The orc hits you but does no damage.
You closely miss the orc priest.
The orc priest is severely wounded.
The orc closely misses you.
The orc priest invokes the aid of Beogh against you.
Beogh smites you!
You die...

#### #... ##.## ##
.. ##...## ..#
...##.....## ..
...#......o##.###..
#......_...@o.....#
##.#......o#)..)..#
##)....##......#
##...## #....##
.####
###.#####..#..#
....## #.#.......##
.#
###..#####..######..
> ........###.## #.#
#####........#####.#


You could see an orc priest and 2 orcs.

Vanquished Creatures
  Prince Ribbit (D:5)
  An ice beast (D:5)
  2 ogres (D:4)
  A gnoll sergeant (D:5)
  2 crimson imps (D:5)
  A centaur zombie (D:5)
  2 hounds
  2 orc wizards
  2 orc priests
  A bullfrog skeleton (D:5)
  An iguana (D:4)
  2 worker ants (D:4)
  A hound skeleton (D:5)
  Robin (D:4)
  7 gnolls
  9 adders
  2 shadow imps
  4 oozes
  3 worms
  2 dart slugs (D:2)
  A leopard gecko (D:3)
  21 orcs
  7 bats
  5 giant cockroaches
  22 goblins
  16 hobgoblins
  4 quokkas
  2 ball pythons
  10 frilled lizards
  7 kobolds
  4 rats
146 creatures vanquished.

Notes
Turn   | Place    | Note
-------+----------+-------------------------------------------
     0 | D:1      | Nattfarinn the Gargoyle Assassin began the quest for the
                  | Orb.
     0 | D:1      | Reached XP level 1. HP: 12/12 MP: 1/1
   193 | D:1      | Reached XP level 2. HP: 16/17 MP: 2/2
   225 | D:1      | Reached skill level 1 in Armour
   314 | D:1      | Found a shattered altar of Ashenzari.
   332 | D:1      | Reached XP level 3. HP: 9/22 MP: 3/3
  1181 | D:2      | Reached XP level 4. HP: 27/27 MP: 4/4
  1784 | D:3      | Reached XP level 5. HP: 32/32 MP: 5/5
  1793 | D:3      | Reached skill level 5 in Stealth
  2054 | D:3      | Reached XP level 6. HP: 37/37 MP: 6/6
  2446 | D:4      | Found a runed translucent door.
  2447 | D:4      | Noticed Crazy Yiuf
  2514 | D:4      | Noticed Robin
  2540 | D:4      | Killed Robin
  2634 | D:4      | Found a burning altar of Makhleb.
  2641 | D:4      | Reached XP level 7. HP: 42/42 MP: 7/7
  2929 | D:4      | Found an opulent altar of Gozag.
  3213 | D:5      | Entered Level 5 of the Dungeon
  3301 | D:5      | Found an iron altar of Okawaru.
  3302 | D:5      | Noticed Prince Ribbit
  3349 | D:5      | Reached skill level 5 in Armour
  3366 | D:5      | Killed Prince Ribbit
  3366 | D:5      | Reached skill level 5 in Short Blades
  3366 | D:5      | Reached XP level 8. HP: 30/48 MP: 8/8
  3766 | D:5      | Found a hazy altar of Hepliaklqana.
  4106 | D:6      | Found a hide-covered altar of Uskayaw.
  4114 | D:6      | Became a worshipper of Uskayaw the Reveler
  4122 | D:6      | Reached * piety under Uskayaw
  4125 | D:6      | Reached ** piety under Uskayaw
  4139 | D:6      | Killed from afar by an orc priest

Levels and vault maps discovered:
D:1:      saegor_arrival_simple_b, layout_loops_ring, minmay_hexomino_r4
D:2:      layout_loops_ring, guppyfry_early_lair_pool
D:3:      layout_loops_ring, first_ration, grunt_ministairs_12
D:4:      layout_basic, kennysheep_little_box, kennysheep_mini_moat,
          lightli_corner_chamber, uniq_robin, uniq_crazy_yiuf_cottage
D:5:      layout_rooms, nicolae_overflow_hidden_temple, okawaru_metal_pillars_3,
          serial_glass, glass_columns_a, glass_columns_a, uniq_prince_ribbit1
D:6:      layout_rooms, lemuel_round_altar, uniq_menkaure

Skill      XL: |  1  2  3  4  5  6  7  8 |
---------------+-------------------------+-----
Short Blades   | 2 3 4 5 |  5.5
Armour         | 1 2 3 4 5 6 |  6.1
Fighting       | 3 4 |  4.8
Stealth        | 5 6 |  6.4
Throwing       | |  1.7
Dodging        | |  0.7
Shields        | |  0.3
Invocations    | |  0.6

Action                   |  1- 3 |  4- 6 |  7- 9 || total
-------------------------+-------+-------+-------++-------
Melee: Dagger            |   101 |   243 |   231 ||   575
Throw: Dart              |       |     1 |     5 ||     6
 Stab: Sleeping          |     5 |    11 |     6 ||    22
  Eat: Chunk             |     1 |     5 |     5 ||    11
Armor: Robe              |    27 |    19 |       ||    46
       Ring mail         |       |   123 |   133 ||   256
Dodge: Dodged            |    54 |   133 |   115 ||   302

Table legend:
 A = Non-vault XP
 B = Vault XP
 C = Vault XP percentage of total XP
 D = Non-vault monster count
 E = Vault monster count
 F = Vault count percentage of total count
                 A         B        C        D         E       F
            +---------+---------+-------+---------+---------+-------
      Total |    1485 |     330 |  18.2 |     127 |      19 |  13.0
            +---------+---------+-------+---------+---------+-------
        D:1 |      44 |       5 |  10.2 |      25 |       4 |  13.8
        D:2 |     103 |       0 |   0.0 |      27 |       0 |   0.0
        D:3 |     187 |       3 |   1.6 |      32 |       2 |   5.9
        D:4 |     456 |      36 |   7.3 |      18 |      12 |  40.0
        D:5 |     579 |     286 |  33.1 |      19 |       1 |   5.0
        D:6 |     116 |       0 |   0.0 |       6 |       0 |   0.0
            +---------+---------+-------+---------+---------+-------
